 Dungeon Crawl Stone Soup version 0.19.0-2-gae57169 (webtiles) character file.

2757 varam the Conjurer (level 9, -5/62 HPs)
             Began as a Demonspawn Fire Elementalist on Nov 4, 2016.
             Slain by a hill giant
             ... wielding a +0 giant spiked club
              (32 damage)
             ... on level 8 of the Dungeon.
             The game lasted 00:16:45 (8293 turns).

varam the Conjurer (Demonspawn Fire Elementalist)   Turns: 8293, Time: 00:16:46

Health: -5/62      AC:  9    Str:  8    XL:     9   Next: 41%
Magic:  5/16       EV: 13    Int: 21    God:
Gold:   440        SH:  0    Dex: 13    Spells: 4 memorised, 7 levels left

rFire  . . .     SeeInvis .     N - staff of wizardry
rCold  + . .     Gourm    .     a - +0 robe
rNeg   . . .     Faith    .     (no shield)
rPois  .         Spirit   .     (helmet restricted)
rElec  .         Reflect  .     F - +1 cloak
rCorr  .         Harm     .     (no gloves)
MR     .....                    y - +0 pair of boots
Stlth  ++........               (no amulet)
                                (no ring)
                                (no ring)

@: no status effects
A: antennae 1, icy blue scales 3, spiny 2
a: no special abilities


You were on level 8 of the Dungeon.
You were hungry.

You visited 2 branches of the dungeon, and saw 9 of its levels.

You collected 440 gold pieces.

Inventory:

Hand Weapons
 g - a +0 dagger of speed
 w - a +2 short sword of venom
 A - a +2 dagger of electrocution
Armour
 a - a +0 robe (worn)
 y - a +0 pair of boots (worn)
 F - a +1 cloak (worn)
Magical Staves
 M - an uncursed staff of earth
 N - an uncursed staff of wizardry (weapon)
Jewellery
 j - a +3 ring of intelligence {unknown}
Wands
 o - a wand of confusion (19/48)
 z - a wand of random effects (27/48)
 B - a wand of slowing (29/48)
 D - a wand of flame (17/48)
 G - a wand of acid (2/15)
 K - a wand of random effects (19/48)
 L - a wand of iceblast (6/15)
Scrolls
 e - 2 scrolls of blinking {unknown}
 k - a scroll of fear {unknown}
 m - 8 scrolls of remove curse
 p - 5 scrolls of identify {unknown}
 r - 3 scrolls of enchant armour {unknown}
 t - 3 scrolls of recharging {unknown}
 u - 3 scrolls of teleportation {unknown}
 v - 2 scrolls of noise {unknown}
 C - a scroll of immolation {unknown}
 I - a scroll of enchant weapon {unknown}
Potions
 d - a potion of heal wounds {unknown}
 f - a potion of haste {unknown}
 h - a potion of agility {unknown}
 i - 3 potions of curing
 l - 2 potions of might {unknown}
 n - 4 potions of flight {unknown}
 E - a potion of lignification {unknown}
 H - a potion of cure mutation {unknown}
Books
 b - a book of Flames

   Spells                             Type                      Level
   a - Flame Tongue                   Conjuration/Fire             1
   b - Throw Flame                    Conjuration/Fire             2
   c - Conjure Flame                  Conjuration/Fire             3
   d - Inner Flame                    Hexes/Fire                   3
   e - Sticky Flame                   Conjuration/Fire             4
   f - Fireball                       Conjuration/Fire             5
Comestibles
 c - 9 bread rations
 q - 8 fruits
 s - 4 meat rations
 x - 3 beef jerkies
 J - 8 slices of pizza
 O - 2 chunks of flesh


   Skills:
 + Level 2.8 Fighting
 + Level 3.3 Dodging
 - Level 1.7 Stealth
 - Level 5.1 Spellcasting
 - Level 7.8 Conjurations
 - Level 7.5 Fire Magic


You had 7 spell levels left.
You knew the following spells:

 Your Spells              Type           Power        Failure   Level  Hunger
a - Flame Tongue          Conj/Fire      #####        1%          1    None
b - Conjure Flame         Conj/Fire      #####...     1%          3    ##.....
c - Throw Flame           Conj/Fire      #####.       1%          2    None
d - Fireball              Conj/Fire      #####.....   6%          5    #####..


Dungeon Overview and Level Annotations

Branches:
Dungeon (8/15)             Temple (1/1) D:5
   Lair: D:8-11

Altars:
Ashenzari
Cheibriados
Dithmenos
Elyvilon
Fedhas
Gozag
Hepliaklqana
Kikubaaqudgha
Makhleb
Nemelex Xobeh
Okawaru
Qazlal
Ru
Sif Muna
Uskayaw
Xom
Yredelemnul
Zin
The Shining One

Shops:
D:5 }

Annotations:
D:8 Grum


Innate Abilities, Weirdness & Mutations

You have a pair of small antennae on your head.
You are completely covered in icy blue scales. (AC +4, rC+)
You are mostly covered in sharp spines.


Message History

Aim: a hill giant, wielding a giant spiked club (moderately wounded)
The puff of flame hits the hill giant.
The hill giant is heavily wounded.
The hill giant is struck by your spines.
The hill giant hits you with a giant spiked club!!
Ouch! That really hurt!
Okay, then.
Casting: Throw Flame
Confirm with . or Enter, or press ? or * to list all spells.
Okay, then.
Casting: Throw Flame
Confirm with . or Enter, or press ? or * to list all spells.
Aiming: Throw Flame
Press: ? - help, Shift-Dir - straight line, f/p - hill giant
Aim: a hill giant, wielding a giant spiked club (heavily wounded)
The puff of flame hits the hill giant.
The hill giant is severely wounded.
The hill giant hits you with a giant spiked club!!
Ouch! That really hurt!
You die...

#############
#.÷..........
#.###########
#######.# #
#########.÷.....#
## #
#.......#.#######
#. # #.......#.#
#. #
#.......#'########
#. #
#........C@......#
#. #
#................#
#. #
#######..........#
#. #..........# #.
#.[........# #.
#..........# ##
#..........#
###'########
######## #.#
#.......


You could see a hill giant.

Vanquished Creatures
  A hippogriff (D:8)
  A human (D:7)
  4 hogs (D:7)
  An orc warrior (D:6)
  A black bear (D:8)
  A phantom (D:7)
  An ogre (D:5)
  A centaur (D:6)
  2 wolves (D:8)
  4 bullfrogs
  3 scorpions
  6 killer bees (D:7)
  3 crimson imps
  A jelly (D:8)
  A hound (D:4)
  3 orc wizards (D:5)
  5 worker ants
  2 hound skeletons
  4 gnolls (D:3)
  7 adders
  A shadow imp (D:7)
  An ooze (D:3)
  An adder skeleton (D:6)
  3 worms
  2 dart slugs
  8 leopard geckos
  18 orcs
  4 bats
  4 giant cockroaches
  7 goblins
  10 hobgoblins
  5 jackals (D:6)
  5 kobolds
  A quokka (D:3)
  3 frilled lizards
  A jackal skeleton (D:4)
  A leopard gecko skeleton (D:4)
  7 rats
134 creatures vanquished.

Notes
Turn   | Place    | Note
-------+----------+-------------------------------------------
     0 | D:1      | varam the Demonspawn Fire Elementalist began the quest for the Orb.
     0 | D:1      | Reached XP level 1. HP: 13/13 MP: 3/3
   273 | D:1      | Gained mutation: You are partially covered in icy blue scales. (AC +2) [demonic ancestry]
   273 | D:1      | Reached XP level 2. HP: 4/19 MP: 0/5
   707 | D:1      | Reached skill level 3 in Fire Magic
   771 | D:1      | Learned a level 2 spell: Throw Flame
  1103 | D:1      | Reached skill level 2 in Conjurations
  1414 | D:2      | Gained mutation: You have a pair of small antennae on your head. [demonic ancestry]
  1414 | D:2      | Reached XP level 3. HP: 24/24 MP: 0/6
  1738 | D:2      | Found a blossoming altar of Fedhas.
  2272 | D:3      | Reached XP level 4. HP: 29/30 MP: 3/7
  2768 | D:3      | Learned a level 3 spell: Conjure Flame
  3079 | D:3      | Reached skill level 3 in Conjurations
  3129 | D:3      | Gained mutation: You are partially covered in sharp spines. [demonic ancestry]
  3129 | D:3      | Reached XP level 5. HP: 27/35 MP: 2/9
  3444 | D:3      | Reached skill level 4 in Fire Magic
  4084 | D:4      | Reached skill level 3 in Spellcasting
  4084 | D:4      | Reached skill level 4 in Conjurations
  4084 | D:4      | Reached XP level 6. HP: 41/41 MP: 1/10
  4654 | D:5      | Entered Level 5 of the Dungeon
  4886 | D:5      | Found a stormy altar of Qazlal.
  5070 | D:5      | Found a staircase to the Ecumenical Temple.
  5072 | D:5      | Found Cedug's Gadget Emporium.
  5081 | Temple   | Entered the Ecumenical Temple
  5305 | D:5      | Reached skill level 5 in Fire Magic
  5478 | D:5      | Gained mutation: You are mostly covered in icy blue scales. (AC +3) [demonic ancestry]
  5478 | D:5      | Reached XP level 7. HP: 46/46 MP: 4/12
  5609 | D:6      | Reached skill level 5 in Conjurations
  6442 | D:6      | Reached skill level 6 in Conjurations
  6442 | D:6      | Reached skill level 6 in Fire Magic
  6612 | D:7      | Reached skill level 4 in Spellcasting
  6612 | D:7      | Gained mutation: You are mostly covered in sharp spines. [demonic ancestry]
  6612 | D:7      | Reached XP level 8. HP: 48/52 MP: 12/14
  6814 | D:7      | Found a hide-covered altar of Uskayaw.
  6911 | D:7      | Reached skill level 7 in Conjurations
  6926 | D:7      | Reached skill level 7 in Fire Magic
  7320 | D:7      | Reached skill level 5 in Spellcasting
  7320 | D:7      | Gained mutation: You are completely covered in icy blue scales. (AC +4, rC+) [demonic ancestry]
  7320 | D:7      | Reached XP level 9. HP: 42/57 MP: 7/16
  7698 | D:7      | Learned a level 5 spell: Fireball
  7843 | D:8      | Reached skill level 2 in Dodging
  7850 | D:8      | Reached skill level 1 in Fighting
  8018 | D:8      | Reached skill level 2 in Fighting
  8040 | D:8      | Noticed Grum
  8074 | D:8      | Reached skill level 3 in Dodging
  8288 | D:8      | Noticed a hill giant
  8293 | D:8      | Slain by a hill giant

Skill      XL: |  1  2  3  4  5  6  7  8  9 |
---------------+----------------------------+-----
Fire Magic     | 3 4 5 6 7 |  7.5
Conjurations   | 2 3 4 6 7 |  7.8
Spellcasting   | 3 4 5 |  5.1
Dodging        | 3 |  3.3
Fighting       | 2 |  2.8
Stealth        | |  1.7

Action                   |  1- 3 |  4- 6 |  7- 9 || total
-------------------------+-------+-------+-------++-------
Melee: Dagger            |    32 |       |    14 ||    46
       Unarmed           |     3 |       |       ||     3
       Short sword       |     1 |    66 |    92 ||   159
 Cast: Flame Tongue      |    56 |    37 |    11 ||   104
       Throw Flame       |     4 |    31 |    51 ||    86
       Conjure Flame     |       |     2 |     1 ||     3
       Fireball          |       |       |     1 ||     1
  Use: Potion            |       |     2 |     1 ||     3
       Scroll            |       |     1 |     1 ||     2
 Stab: Sleeping          |     2 |     5 |       ||     7
  Eat: Chunk             |     5 |    12 |     8 ||    25
       Fruit             |       |       |     1 ||     1
Armor: Robe              |    21 |    20 |    47 ||    88
Dodge: Dodged            |    40 |    51 |   103 ||   194
